Workbook

Sheet ВОР
A1: ВЕДОМОСТЬ ОБЪЕМОВ РАБОТ
A2: на выполнение работ по отделке фасада
A3: на объекте: "Многоэтажная жилая застройка 66га по адресу: г. Краснодар, Прикубанский внутригородской округ 2 этап освоения в соответствии с КРТ на земельном участке с кадастровым номером: 23:43:0143021:78532 6 этап строительства Корректировка 1 Литер 14"
A4: Данные об организации | G4: Наименование компании
G5: ИНН
G6: Адрес
G7: ФИО директора
G8: ФИО контактного лица/телефон, e-mail
G9: Система налогооблажения
A10: Условия оплаты: поэтапная оплата по факту предъявления актов выполненных работ, отсрочка платежа 30 календарных дней | G10: Да/Нет
A11: № п/п | B11: № по РД | C11: Код | D11: Наименование | E11: Ед. изм. | F11: Норма расхода | G11: Объём работ | H11: Цена за ед. изм., руб., без учета НДС | K11: Стоимость, руб., без учета НДС | N11: Примечание
H12: Всего | I12: в том числе | K12: Всего | L12: в том числе
I13: Работа | J13: Материалы | L13: Работа | M13: Материалы
A14: 1 | B14: 2 | C14: 3 | D14: 5 | E14: 6 | F14: 7 | G14: 8 | H14: 9 | I14: 10 | J14: 11 | K14: 12 | L14: 13 | M14: 14 | N14: 15
D15: Литер 14
A16: =IF(TRIM(G16)<>"",COUNTA(G$16:$G16)&"","") -> 1 | D16: Разработка проекта | E16: компл. | G16: 1 | H16: =I16+J16 -> 0 | K16: =L16+M16 -> 0 | L16: =I16*G16 -> 0 | N16: Технологическая карта (прорисовка узлов премыкания, раскрой материала)
A17: =IF(TRIM(G17)<>"",COUNTA(G$16:$G17)&"","") | D17: БС-1
A18: =IF(TRIM(G18)<>"",COUNTA(G$16:$G18)&"","") | D18: Отделка фасада здания алюминиевыми композитными панелями | Q18: Код
A19: =IF(TRIM(G19)<>"",COUNTA(G$16:$G19)&"","") -> 2 | B19: 4 | D19: Устройство подсистемы и утепления (Тип 4, торцы плит) | E19: м2 | G19: 123.3 | H19: =I19+J19 -> 0 | K19: =L19+M19 -> 0 | L19: =I19*G19 -> 0 | M19: =J19*G19 -> 0 | N19: Материал подрядчика | O19: Тип 4 | P19: 2905-РД-14,15-АР6.1 лист 1.1 | Q19: 04.09.02.01
A20: =IF(TRIM(G20)<>"",COUNTA(G$16:$G20)&"","") -> 3 | D20: Минераловатный утеплитель толщ. 50 мм | E20: м3 | F20: 1.03 | G20: =расчет!L2*F20 -> 4.47 | H20: =I20+J20 -> 0 | K20: =L20+M20 -> 0 | L20: =I20*G20 -> 0 | M20: =J20*G20 -> 0 | N20: Материал подрядчика
A21: =IF(TRIM(G21)<>"",COUNTA(G$16:$G21)&"","") -> 4 | B21: 4 | D21: Облицовка вентилируемого фасада композитными панелями (Тип 4, торцы плит) | E21: м2 | G21: =G19 -> 123.3 | H21: =I21+J21 -> 0 | K21: =L21+M21 -> 0 | L21: =I21*G21 -> 0 | M21: =J21*G21 -> 0 | N21: RAL7004 Материал подрядчика | O21: Тип 4 | P21: 2905-РД-14,15-АР6.1 лист 1.1 | Q21: 04.09.02.02
A22: =IF(TRIM(G22)<>"",COUNTA(G$16:$G22)&"","") -> 5 | B22: 5 | D22: Устройство подсистемы и утепления (Тип 5, декоративные элементы) | E22: м2 | G22: 398.54 | H22: =I22+J22 -> 0 | K22: =L22+M22 -> 0 | L22: =I22*G22 -> 0 | M22: =J22*G22 -> 0 | N22: Материал подрядчика | O22: Тип 5 | P22: 2905-РД-14,15-АР6.1 лист 1.1 | Q22: 04.09.02.01
A23: =IF(TRIM(G23)<>"",COUNTA(G$16:$G23)&"","") -> 6 | D23: Минераловатный утеплитель толщ. 50 мм | E23: м3 | F23: 1.03 | G23: =расчет!L3*F23 -> 2.45 | H23: =I23+J23 -> 0 | K23: =L23+M23 -> 0 | L23: =I23*G23 -> 0 | M23: =J23*G23 -> 0 | N23: Материал подрядчика
A24: =IF(TRIM(G24)<>"",COUNTA(G$16:$G24)&"","") -> 7 | D24: Минераловатный утеплитель толщ. 80 мм | E24: м3 | F24: 1.03 | G24: =расчет!L4*F24 -> 7.5 | H24: =I24+J24 -> 0 | K24: =L24+M24 -> 0 | L24: =I24*G24 -> 0 | M24: =J24*G24 -> 0 | N24: Материал подрядчика
A25: =IF(TRIM(G25)<>"",COUNTA(G$16:$G25)&"","") -> 8 | B25: 5 | D25: Облицовка вентилируемого фасада композитными панелями (Тип 5, декоративные элементы) | E25: м2 | G25: =G22 -> 398.54 | H25: =I25+J25 -> 0 | K25: =L25+M25 -> 0 | L25: =I25*G25 -> 0 | M25: =J25*G25 -> 0 | N25: RAL7004 Материал подрядчика | O25: Тип 5 | P25: 2905-РД-14,15-АР6.1 лист 1.1 | Q25: 04.09.02.02
A26: =IF(TRIM(G26)<>"",COUNTA(G$16:$G26)&"","") -> 9 | B26: 9 | D26: Устройство подсистемы и утепления (Тип 9, стены, парапет) | E26: м2 | G26: 69.5 | H26: =I26+J26 -> 0 | K26: =L26+M26 -> 0 | L26: =I26*G26 -> 0 | M26: =J26*G26 -> 0 | N26: Материал подрядчика | O26: Тип 9 | P26: 2905-РД-14,15-АР6.1 лист 1.1 | Q26: 04.09.02.01
A27: =IF(TRIM(G27)<>"",COUNTA(G$16:$G27)&"","") -> 10 | D27: Минераловатный утеплитель толщ. 80 мм | E27: м3 | F27: 1.03 | G27: =(расчет!L5+расчет!L6)*F27 -> 5.62 | H27: =I27+J27 -> 0 | K27: =L27+M27 -> 0 | L27: =I27*G27 -> 0 | M27: =J27*G27 -> 0 | N27: Материал подрядчика
A28: =IF(TRIM(G28)<>"",COUNTA(G$16:$G28)&"","") -> 11 | B28: 9 | D28: Облицовка вентилируемого фасада композитными панелями (Тип 9, стены, парапет) | E28: м2 | G28: =G26 -> 69.5 | H28: =I28+J28 -> 0 | K28: =L28+M28 -> 0 | L28: =I28*G28 -> 0 | M28: =J28*G28 -> 0 | N28: RAL7004 Материал подрядчика | O28: Тип 9 | P28: 2905-РД-14,15-АР6.1 лист 1.1 | Q28: 04.09.02.02
A29: =IF(TRIM(G29)<>"",COUNTA(G$16:$G29)&"","") -> 12 | B29: 13 | D29: Устройство подсистемы и утепления (Тип 13, основа под вывесу, декоративные элементы) | E29: м2 | G29: 2.56 | H29: =I29+J29 -> 0 | K29: =L29+M29 -> 0 | L29: =I29*G29 -> 0 | M29: =J29*G29 -> 0 | N29: Материал подрядчика | O29: Тип 13 | P29: 2905-РД-14,15-АР6.1 лист 1.1 | Q29: 04.09.02.01
A30: =IF(TRIM(G30)<>"",COUNTA(G$16:$G30)&"","") -> 13 | D30: Минераловатный утеплитель толщ. 80 мм | E30: м3 | F30: 1.03 | G30: =расчет!L7*F30 -> 0.72 | H30: =I30+J30 -> 0 | K30: =L30+M30 -> 0 | L30: =I30*G30 -> 0 | M30: =J30*G30 -> 0 | N30: Материал подрядчика
A31: =IF(TRIM(G31)<>"",COUNTA(G$16:$G31)&"","") -> 14 | B31: 13 | D31: Облицовка вентилируемого фасада композитными панелями (Тип 13, основа под вывесу, декоративные элементы) | E31: м2 | G31: =G29 -> 2.56 | H31: =I31+J31 -> 0 | K31: =L31+M31 -> 0 | L31: =I31*G31 -> 0 | M31: =J31*G31 -> 0 | N31: RAL1013 Материал подрядчика | O31: Тип 13 | P31: 2905-РД-14,15-АР6.1 лист 1.1 | Q31: 04.09.02.02
A32: =IF(TRIM(G32)<>"",COUNTA(G$16:$G32)&"","") -> 15 | B32: 11 | D32: Устройство подсистемы и утепления (Тип 11, стены) | E32: м2 | G32: 26.04 | H32: =I32+J32 -> 0 | K32: =L32+M32 -> 0 | L32: =I32*G32 -> 0 | M32: =J32*G32 -> 0 | N32: Материал подрядчика | O32: Тип 11 | P32: 2905-РД-14,15-АР6.1 лист 1.1 | Q32: 04.09.02.01
A33: =IF(TRIM(G33)<>"",COUNTA(G$16:$G33)&"","") -> 16 | D33: Минераловатный утеплитель толщ. 80 мм | E33: м3 | F33: 1.03 | G33: =SUM(расчет!L8:L15)*F33 -> 2.13 | H33: =I33+J33 -> 0 | K33: =L33+M33 -> 0 | L33: =I33*G33 -> 0 | M33: =J33*G33 -> 0 | N33: Материал подрядчика
A34: =IF(TRIM(G34)<>"",COUNTA(G$16:$G34)&"","") -> 17 | B34: 11 | D34: Облицовка вентилируемого фасада композитными панелями (Тип 11, стены) | E34: м2 | G34: =G32 -> 26.04 | H34: =I34+J34 -> 0 | K34: =L34+M34 -> 0 | L34: =I34*G34 -> 0 | M34: =J34*G34 -> 0 | N34: RAL1013 Материал подрядчика | O34: Тип 11 | P34: 2905-РД-14,15-АР6.1 лист 1.1 | Q34: 04.09.02.02
A35: =IF(TRIM(G35)<>"",COUNTA(G$16:$G35)&"","") | D35: БС-2
A36: =IF(TRIM(G36)<>"",COUNTA(G$16:$G36)&"","") | D36: Отделка фасада здания алюминиевыми композитными панелями | Q36: Код
A37: =IF(TRIM(G37)<>"",COUNTA(G$16:$G37)&"","") -> 18 | B37: 4 | D37: Устройство подсистемы и утепления (Тип 4, торцы плит) | E37: м2 | G37: 97.58 | H37: =I37+J37 -> 0 | K37: =L37+M37 -> 0 | L37: =I37*G37 -> 0 | M37: =J37*G37 -> 0 | N37: Материал подрядчика | O37: Тип 4 | P37: 2905-РД-14,15-АР6.1 лист 4 | Q37: 04.09.02.01
A38: =IF(TRIM(G38)<>"",COUNTA(G$16:$G38)&"","") -> 19 | D38: Минераловатный утеплитель толщ. 50 мм | E38: м3 | F38: 1.03 | G38: =расчет!L16*F38 -> 3.5 | H38: =I38+J38 -> 0 | K38: =L38+M38 -> 0 | L38: =I38*G38 -> 0 | M38: =J38*G38 -> 0 | N38: Материал подрядчика
A39: =IF(TRIM(G39)<>"",COUNTA(G$16:$G39)&"","") -> 20 | B39: 4 | D39: Облицовка вентилируемого фасада композитными панелями (Тип 4, торцы плит) | E39: м2 | G39: =G37 -> 97.58 | H39: =I39+J39 -> 0 | K39: =L39+M39 -> 0 | L39: =I39*G39 -> 0 | M39: =J39*G39 -> 0 | N39: RAL7004 Материал подрядчика | O39: Тип 4 | P39: 2905-РД-14,15-АР6.1 лист 4 | Q39: 04.09.02.02
A40: =IF(TRIM(G40)<>"",COUNTA(G$16:$G40)&"","") -> 21 | B40: 5 | D40: Устройство подсистемы и утепления (Тип 5, декоративные элементы) | E40: м2 | G40: 331.86 | H40: =I40+J40 -> 0 | K40: =L40+M40 -> 0 | L40: =I40*G40 -> 0 | M40: =J40*G40 -> 0 | N40: Материал подрядчика | O40: Тип 5 | P40: 2905-РД-14,15-АР6.1 лист 4 | Q40: 04.09.02.01
A41: =IF(TRIM(G41)<>"",COUNTA(G$16:$G41)&"","") -> 22 | D41: Минераловатный утеплитель толщ. 50 мм | E41: м3 | F41: 1.03 | G41: =расчет!L17*F41 -> 2.1 | H41: =I41+J41 -> 0 | K41: =L41+M41 -> 0 | L41: =I41*G41 -> 0 | M41: =J41*G41 -> 0 | N41: Материал подрядчика
A42: =IF(TRIM(G42)<>"",COUNTA(G$16:$G42)&"","") -> 23 | D42: Минераловатный утеплитель толщ. 80 мм | E42: м3 | F42: 1.03 | G42: =расчет!L18*F42 -> 7.46 | H42: =I42+J42 -> 0 | K42: =L42+M42 -> 0 | L42: =I42*G42 -> 0 | M42: =J42*G42 -> 0 | N42: Материал подрядчика
A43: =IF(TRIM(G43)<>"",COUNTA(G$16:$G43)&"","") -> 24 | B43: 5 | D43: Облицовка вентилируемого фасада композитными панелями (Тип 5, декоративные элементы) | E43: м2 | G43: =G40 -> 331.86 | H43: =I43+J43 -> 0 | K43: =L43+M43 -> 0 | L43: =I43*G43 -> 0 | M43: =J43*G43 -> 0 | N43: RAL7004 Материал подрядчика | O43: Тип 5 | P43: 2905-РД-14,15-АР6.1 лист 4 | Q43: 04.09.02.02
A44: =IF(TRIM(G44)<>"",COUNTA(G$16:$G44)&"","") -> 25 | B44: 9 | D44: Устройство подсистемы и утепления (Тип 9, стены, парапет) | E44: м2 | G44: 62.86 | H44: =I44+J44 -> 0 | K44: =L44+M44 -> 0 | L44: =I44*G44 -> 0 | M44: =J44*G44 -> 0 | N44: Материал подрядчика | O44: Тип 9 | P44: 2905-РД-14,15-АР6.1 лист 4 | Q44: 04.09.02.01
A45: =IF(TRIM(G45)<>"",COUNTA(G$16:$G45)&"","") -> 26 | D45: Минераловатный утеплитель толщ. 80 мм | E45: м3 | F45: 1.03 | G45: =(расчет!L19+расчет!L20)*F45 -> 5.15 | H45: =I45+J45 -> 0 | K45: =L45+M45 -> 0 | L45: =I45*G45 -> 0 | M45: =J45*G45 -> 0 | N45: Материал подрядчика
A46: =IF(TRIM(G46)<>"",COUNTA(G$16:$G46)&"","") -> 27 | B46: 9 | D46: Облицовка вентилируемого фасада композитными панелями (Тип 9, стены, парапет) | E46: м2 | G46: =G44 -> 62.86 | H46: =I46+J46 -> 0 | K46: =L46+M46 -> 0 | L46: =I46*G46 -> 0 | M46: =J46*G46 -> 0 | N46: RAL7004 Материал подрядчика | O46: Тип 9 | P46: 2905-РД-14,15-АР6.1 лист 4 | Q46: 04.09.02.02
A47: =IF(TRIM(G47)<>"",COUNTA(G$16:$G47)&"","") -> 28 | B47: 13 | D47: Устройство подсистемы и утепления (Тип 13, основа под вывесу, декоративные элементы) | E47: м2 | G47: 2.57 | H47: =I47+J47 -> 0 | K47: =L47+M47 -> 0 | L47: =I47*G47 -> 0 | M47: =J47*G47 -> 0 | N47: Материал подрядчика | O47: Тип 13 | P47: 2905-РД-14,15-АР6.1 лист 4 | Q47: 04.09.02.01
A48: =IF(TRIM(G48)<>"",COUNTA(G$16:$G48)&"","") -> 29 | D48: Минераловатный утеплитель толщ. 80 мм | E48: м3 | F48: 1.03 | G48: =расчет!L21*F48 -> 0.73 | H48: =I48+J48 -> 0 | K48: =L48+M48 -> 0 | L48: =I48*G48 -> 0 | M48: =J48*G48 -> 0 | N48: Материал подрядчика
A49: =IF(TRIM(G49)<>"",COUNTA(G$16:$G49)&"","") -> 30 | B49: 13 | D49: Облицовка вентилируемого фасада композитными панелями (Тип 13, основа под вывесу, декоративные элементы) | E49: м2 | G49: =G47 -> 2.57 | H49: =I49+J49 -> 0 | K49: =L49+M49 -> 0 | L49: =I49*G49 -> 0 | M49: =J49*G49 -> 0 | N49: RAL1013 Материал подрядчика | O49: Тип 13 | P49: 2905-РД-14,15-АР6.1 лист 4 | Q49: 04.09.02.02
A50: =IF(TRIM(G50)<>"",COUNTA(G$16:$G50)&"","") -> 31 | B50: 11 | D50: Устройство подсистемы и утепления (Тип 11, стены) | E50: м2 | G50: 27.04 | H50: =I50+J50 -> 0 | K50: =L50+M50 -> 0 | L50: =I50*G50 -> 0 | M50: =J50*G50 -> 0 | N50: Материал подрядчика | O50: Тип 11 | P50: 2905-РД-14,15-АР6.1 лист 4 | Q50: 04.09.02.01
A51: =IF(TRIM(G51)<>"",COUNTA(G$16:$G51)&"","") -> 32 | D51: Минераловатный утеплитель толщ. 80 мм | E51: м3 | F51: 1.03 | G51: =SUM(расчет!L22:L29)*F51 -> 2.13 | H51: =I51+J51 -> 0 | K51: =L51+M51 -> 0 | L51: =I51*G51 -> 0 | M51: =J51*G51 -> 0 | N51: Материал подрядчика
A52: =IF(TRIM(G52)<>"",COUNTA(G$16:$G52)&"","") -> 33 | B52: 11 | D52: Облицовка вентилируемого фасада композитными панелями (Тип 11, стены) | E52: м2 | G52: =G50 -> 27.04 | H52: =I52+J52 -> 0 | K52: =L52+M52 -> 0 | L52: =I52*G52 -> 0 | M52: =J52*G52 -> 0 | N52: RAL1013 Материал подрядчика | O52: Тип 11 | P52: 2905-РД-14,15-АР6.1 лист 4 | Q52: 04.09.02.02
A53: =IF(TRIM(G53)<>"",COUNTA(G$16:$G53)&"","") | D53: БС-3
A54: =IF(TRIM(G54)<>"",COUNTA(G$16:$G54)&"","") | D54: Отделка фасада здания алюминиевыми композитными панелями | Q54: Код
A55: =IF(TRIM(G55)<>"",COUNTA(G$16:$G55)&"","") -> 34 | B55: 4 | D55: Устройство подсистемы и утепления (Тип 4, торцы плит) | E55: м2 | G55: 97.58 | H55: =I55+J55 -> 0 | K55: =L55+M55 -> 0 | L55: =I55*G55 -> 0 | M55: =J55*G55 -> 0 | N55: Материал подрядчика | O55: Тип 4 | P55: 2905-РД-14,15-АР6.1 лист 6 | Q55: 04.09.02.01
A56: =IF(TRIM(G56)<>"",COUNTA(G$16:$G56)&"","") -> 35 | D56: Минераловатный утеплитель толщ. 50 мм | E56: м3 | F56: 1.03 | G56: =расчет!L16*F38 -> 3.5 | H56: =I56+J56 -> 0 | K56: =L56+M56 -> 0 | L56: =I56*G56 -> 0 | M56: =J56*G56 -> 0 | N56: Материал подрядчика
A57: =IF(TRIM(G57)<>"",COUNTA(G$16:$G57)&"","") -> 36 | B57: 4 | D57: Облицовка вентилируемого фасада композитными панелями (Тип 4, торцы плит) | E57: м2 | G57: =G37 -> 97.58 | H57: =I57+J57 -> 0 | K57: =L57+M57 -> 0 | L57: =I57*G57 -> 0 | M57: =J57*G57 -> 0 | N57: RAL7004 Материал подрядчика | O57: Тип 4 | P57: 2905-РД-14,15-АР6.1 лист 6 | Q57: 04.09.02.02
A58: =IF(TRIM(G58)<>"",COUNTA(G$16:$G58)&"","") -> 37 | B58: 5 | D58: Устройство подсистемы и утепления (Тип 5, декоративные элементы) | E58: м2 | G58: 331.86 | H58: =I58+J58 -> 0 | K58: =L58+M58 -> 0 | L58: =I58*G58 -> 0 | M58: =J58*G58 -> 0 | N58: Материал подрядчика | O58: Тип 5 | P58: 2905-РД-14,15-АР6.1 лист 6 | Q58: 04.09.02.01
A59: =IF(TRIM(G59)<>"",COUNTA(G$16:$G59)&"","") -> 38 | D59: Минераловатный утеплитель толщ. 50 мм | E59: м3 | F59: 1.03 | G59: =расчет!L17*F41 -> 2.1 | H59: =I59+J59 -> 0 | K59: =L59+M59 -> 0 | L59: =I59*G59 -> 0 | M59: =J59*G59 -> 0 | N59: Материал подрядчика
A60: =IF(TRIM(G60)<>"",COUNTA(G$16:$G60)&"","") -> 39 | D60: Минераловатный утеплитель толщ. 80 мм | E60: м3 | F60: 1.03 | G60: =расчет!L18*F42 -> 7.46 | H60: =I60+J60 -> 0 | K60: =L60+M60 -> 0 | L60: =I60*G60 -> 0 | M60: =J60*G60 -> 0 | N60: Материал подрядчика
A61: =IF(TRIM(G61)<>"",COUNTA(G$16:$G61)&"","") -> 40 | B61: 5 | D61: Облицовка вентилируемого фасада композитными панелями (Тип 5, декоративные элементы) | E61: м2 | G61: =G40 -> 331.86 | H61: =I61+J61 -> 0 | K61: =L61+M61 -> 0 | L61: =I61*G61 -> 0 | M61: =J61*G61 -> 0 | N61: RAL7004 Материал подрядчика | O61: Тип 5 | P61: 2905-РД-14,15-АР6.1 лист 6 | Q61: 04.09.02.02
A62: =IF(TRIM(G62)<>"",COUNTA(G$16:$G62)&"","") -> 41 | B62: 9 | D62: Устройство подсистемы и утепления (Тип 9, стены, парапет) | E62: м2 | G62: 62.86 | H62: =I62+J62 -> 0 | K62: =L62+M62 -> 0 | L62: =I62*G62 -> 0 | M62: =J62*G62 -> 0 | N62: Материал подрядчика | O62: Тип 9 | P62: 2905-РД-14,15-АР6.1 лист 6 | Q62: 04.09.02.01
A63: =IF(TRIM(G63)<>"",COUNTA(G$16:$G63)&"","") -> 42 | D63: Минераловатный утеплитель толщ. 80 мм | E63: м3 | F63: 1.03 | G63: =(расчет!L19+расчет!L20)*F45 -> 5.15 | H63: =I63+J63 -> 0 | K63: =L63+M63 -> 0 | L63: =I63*G63 -> 0 | M63: =J63*G63 -> 0 | N63: Материал подрядчика
A64: =IF(TRIM(G64)<>"",COUNTA(G$16:$G64)&"","") -> 43 | B64: 9 | D64: Облицовка вентилируемого фасада композитными панелями (Тип 9, стены, парапет) | E64: м2 | G64: =G44 -> 62.86 | H64: =I64+J64 -> 0 | K64: =L64+M64 -> 0 | L64: =I64*G64 -> 0 | M64: =J64*G64 -> 0 | N64: RAL7004 Материал подрядчика | O64: Тип 9 | P64: 2905-РД-14,15-АР6.1 лист 6 | Q64: 04.09.02.02
A65: =IF(TRIM(G65)<>"",COUNTA(G$16:$G65)&"","") -> 44 | B65: 13 | D65: Устройство подсистемы и утепления (Тип 13, основа под вывесу, декоративные элементы) | E65: м2 | G65: 2.57 | H65: =I65+J65 -> 0 | K65: =L65+M65 -> 0 | L65: =I65*G65 -> 0 | M65: =J65*G65 -> 0 | N65: Материал подрядчика | O65: Тип 13 | P65: 2905-РД-14,15-АР6.1 лист 6 | Q65: 04.09.02.01
A66: =IF(TRIM(G66)<>"",COUNTA(G$16:$G66)&"","") -> 45 | D66: Минераловатный утеплитель толщ. 80 мм | E66: м3 | F66: 1.03 | G66: =расчет!L21*F48 -> 0.73 | H66: =I66+J66 -> 0 | K66: =L66+M66 -> 0 | L66: =I66*G66 -> 0 | M66: =J66*G66 -> 0 | N66: Материал подрядчика
A67: =IF(TRIM(G67)<>"",COUNTA(G$16:$G67)&"","") -> 46 | B67: 13 | D67: Облицовка вентилируемого фасада композитными панелями (Тип 13, основа под вывесу, декоративные элементы) | E67: м2 | G67: =G47 -> 2.57 | H67: =I67+J67 -> 0 | K67: =L67+M67 -> 0 | L67: =I67*G67 -> 0 | M67: =J67*G67 -> 0 | N67: RAL1013 Материал подрядчика | O67: Тип 13 | P67: 2905-РД-14,15-АР6.1 лист 6 | Q67: 04.09.02.02
A68: =IF(TRIM(G68)<>"",COUNTA(G$16:$G68)&"","") -> 47 | B68: 11 | D68: Устройство подсистемы и утепления (Тип 11, стены) | E68: м2 | G68: 27.04 | H68: =I68+J68 -> 0 | K68: =L68+M68 -> 0 | L68: =I68*G68 -> 0 | M68: =J68*G68 -> 0 | N68: Материал подрядчика | O68: Тип 11 | P68: 2905-РД-14,15-АР6.1 лист 6 | Q68: 04.09.02.01
A69: =IF(TRIM(G69)<>"",COUNTA(G$16:$G69)&"","") -> 48 | D69: Минераловатный утеплитель толщ. 80 мм | E69: м3 | F69: 1.03 | G69: =SUM(расчет!L22:L29)*F51 -> 2.13 | H69: =I69+J69 -> 0 | K69: =L69+M69 -> 0 | L69: =I69*G69 -> 0 | M69: =J69*G69 -> 0 | N69: Материал подрядчика
A70: =IF(TRIM(G70)<>"",COUNTA(G$16:$G70)&"","") -> 49 | B70: 11 | D70: Облицовка вентилируемого фасада композитными панелями (Тип 11, стены) | E70: м2 | G70: =G50 -> 27.04 | H70: =I70+J70 -> 0 | K70: =L70+M70 -> 0 | L70: =I70*G70 -> 0 | M70: =J70*G70 -> 0 | N70: RAL1013 Материал подрядчика | O70: Тип 11 | P70: 2905-РД-14,15-АР6.1 лист 6 | Q70: 04.09.02.02
A71: =IF(TRIM(G71)<>"",COUNTA(G$16:$G71)&"","") | D71: БС-4
A72: =IF(TRIM(G72)<>"",COUNTA(G$16:$G72)&"","") | D72: Отделка фасада здания алюминиевыми композитными панелями | Q72: Код
A73: =IF(TRIM(G73)<>"",COUNTA(G$16:$G73)&"","") -> 50 | B73: 4 | D73: Устройство подсистемы и утепления (Тип 4, торцы плит) | E73: м2 | G73: 172.06 | H73: =I73+J73 -> 0 | K73: =L73+M73 -> 0 | L73: =I73*G73 -> 0 | M73: =J73*G73 -> 0 | N73: Материал подрядчика | O73: Тип 4 | P73: 2905-РД-14,15-АР6.1 лист 8 | Q73: 04.09.02.01
A74: =IF(TRIM(G74)<>"",COUNTA(G$16:$G74)&"","") -> 51 | D74: Минераловатный утеплитель толщ. 50 мм | E74: м3 | F74: 1.03 | G74: =расчет!L44*F56 -> 4.49 | H74: =I74+J74 -> 0 | K74: =L74+M74 -> 0 | L74: =I74*G74 -> 0 | M74: =J74*G74 -> 0 | N74: Материал подрядчика
A75: =IF(TRIM(G75)<>"",COUNTA(G$16:$G75)&"","") -> 52 | B75: 4 | D75: Облицовка вентилируемого фасада композитными панелями (Тип 4, торцы плит) | E75: м2 | G75: =G73 -> 172.06 | H75: =I75+J75 -> 0 | K75: =L75+M75 -> 0 | L75: =I75*G75 -> 0 | M75: =J75*G75 -> 0 | N75: RAL7004 Материал подрядчика | O75: Тип 4 | P75: 2905-РД-14,15-АР6.1 лист 8 | Q75: 04.09.02.02
A76: =IF(TRIM(G76)<>"",COUNTA(G$16:$G76)&"","") -> 53 | B76: 5 | D76: Устройство подсистемы и утепления (Тип 5, декоративные элементы) | E76: м2 | G76: 535.85 | H76: =I76+J76 -> 0 | K76: =L76+M76 -> 0 | L76: =I76*G76 -> 0 | M76: =J76*G76 -> 0 | N76: Материал подрядчика | O76: Тип 5 | P76: 2905-РД-14,15-АР6.1 лист 8 | Q76: 04.09.02.01
A77: =IF(TRIM(G77)<>"",COUNTA(G$16:$G77)&"","") -> 54 | D77: Минераловатный утеплитель толщ. 50 мм | E77: м3 | F77: 1.03 | G77: =расчет!L45*F59 -> 2.72 | H77: =I77+J77 -> 0 | K77: =L77+M77 -> 0 | L77: =I77*G77 -> 0 | M77: =J77*G77 -> 0 | N77: Материал подрядчика
A78: =IF(TRIM(G78)<>"",COUNTA(G$16:$G78)&"","") -> 55 | D78: Минераловатный утеплитель толщ. 80 мм | E78: м3 | F78: 1.03 | G78: =расчет!L46*F60 -> 9.32 | H78: =I78+J78 -> 0 | K78: =L78+M78 -> 0 | L78: =I78*G78 -> 0 | M78: =J78*G78 -> 0 | N78: Материал подрядчика
A79: =IF(TRIM(G79)<>"",COUNTA(G$16:$G79)&"","") -> 56 | B79: 5 | D79: Облицовка вентилируемого фасада композитными панелями (Тип 5, декоративные элементы) | E79: м2 | G79: =G76 -> 535.85 | H79: =I79+J79 -> 0 | K79: =L79+M79 -> 0 | L79: =I79*G79 -> 0 | M79: =J79*G79 -> 0 | N79: RAL7004 Материал подрядчика | O79: Тип 5 | P79: 2905-РД-14,15-АР6.1 лист 8 | Q79: 04.09.02.02
A80: =IF(TRIM(G80)<>"",COUNTA(G$16:$G80)&"","") -> 57 | B80: 9 | D80: Устройство подсистемы и утепления (Тип 9, стены, парапет) | E80: м2 | G80: 75.1 | H80: =I80+J80 -> 0 | K80: =L80+M80 -> 0 | L80: =I80*G80 -> 0 | M80: =J80*G80 -> 0 | N80: Материал подрядчика | O80: Тип 9 | P80: 2905-РД-14,15-АР6.1 лист 8 | Q80: 04.09.02.01
A81: =IF(TRIM(G81)<>"",COUNTA(G$16:$G81)&"","") -> 58 | D81: Минераловатный утеплитель толщ. 80 мм | E81: м3 | F81: 1.03 | G81: =(расчет!L47+расчет!L48)*F63 -> 4.54 | H81: =I81+J81 -> 0 | K81: =L81+M81 -> 0 | L81: =I81*G81 -> 0 | M81: =J81*G81 -> 0 | N81: Материал подрядчика
A82: =IF(TRIM(G82)<>"",COUNTA(G$16:$G82)&"","") -> 59 | B82: 9 | D82: Облицовка вентилируемого фасада композитными панелями (Тип 9, стены, парапет) | E82: м2 | G82: =G80 -> 75.1 | H82: =I82+J82 -> 0 | K82: =L82+M82 -> 0 | L82: =I82*G82 -> 0 | M82: =J82*G82 -> 0 | N82: RAL7004 Материал подрядчика | O82: Тип 9 | P82: 2905-РД-14,15-АР6.1 лист 8 | Q82: 04.09.02.02
A83: =IF(TRIM(G83)<>"",COUNTA(G$16:$G83)&"","") -> 60 | B83: 13 | D83: Устройство подсистемы и утепления (Тип 13, основа под вывесу, декоративные элементы) | E83: м2 | G83: 18.2 | H83: =I83+J83 -> 0 | K83: =L83+M83 -> 0 | L83: =I83*G83 -> 0 | M83: =J83*G83 -> 0 | N83: Материал подрядчика | O83: Тип 13 | P83: 2905-РД-14,15-АР6.1 лист 8 | Q83: 04.09.02.01
A84: =IF(TRIM(G84)<>"",COUNTA(G$16:$G84)&"","") -> 61 | D84: Минераловатный утеплитель толщ. 80 мм | E84: м3 | F84: 1.03 | G84: =расчет!L49*F66 -> 1 | H84: =I84+J84 -> 0 | K84: =L84+M84 -> 0 | L84: =I84*G84 -> 0 | M84: =J84*G84 -> 0 | N84: Материал подрядчика
A85: =IF(TRIM(G85)<>"",COUNTA(G$16:$G85)&"","") -> 62 | B85: 13 | D85: Облицовка вентилируемого фасада композитными панелями (Тип 13, основа под вывесу, декоративные элементы) | E85: м2 | G85: =G83 -> 18.2 | H85: =I85+J85 -> 0 | K85: =L85+M85 -> 0 | L85: =I85*G85 -> 0 | M85: =J85*G85 -> 0 | N85: RAL1013 Материал подрядчика | O85: Тип 13 | P85: 2905-РД-14,15-АР6.1 лист 8 | Q85: 04.09.02.02
A86: =IF(TRIM(G86)<>"",COUNTA(G$16:$G86)&"","") -> 63 | B86: 11 | D86: Устройство подсистемы и утепления (Тип 11, стены) | E86: м2 | G86: 60.73 | H86: =I86+J86 -> 0 | K86: =L86+M86 -> 0 | L86: =I86*G86 -> 0 | M86: =J86*G86 -> 0 | N86: Материал подрядчика | O86: Тип 11 | P86: 2905-РД-14,15-АР6.1 лист 8 | Q86: 04.09.02.01
A87: =IF(TRIM(G87)<>"",COUNTA(G$16:$G87)&"","") -> 64 | D87: Минераловатный утеплитель толщ. 80 мм | E87: м3 | F87: 1.03 | G87: =SUM(расчет!L50:L57)*F69 -> 2.51 | H87: =I87+J87 -> 0 | K87: =L87+M87 -> 0 | L87: =I87*G87 -> 0 | M87: =J87*G87 -> 0 | N87: Материал подрядчика
A88: =IF(TRIM(G88)<>"",COUNTA(G$16:$G88)&"","") -> 65 | B88: 11 | D88: Облицовка вентилируемого фасада композитными панелями (Тип 11, стены) | E88: м2 | G88: =G86 -> 60.73 | H88: =I88+J88 -> 0 | K88: =L88+M88 -> 0 | L88: =I88*G88 -> 0 | M88: =J88*G88 -> 0 | N88: RAL1013 Материал подрядчика | O88: Тип 11 | P88: 2905-РД-14,15-АР6.1 лист 8 | Q88: 04.09.02.02
A89: =IF(TRIM(G89)<>"",COUNTA(G$16:$G89)&"","") | D89: БС-5
A90: =IF(TRIM(G90)<>"",COUNTA(G$16:$G90)&"","") | D90: Отделка фасада здания алюминиевыми композитными панелями | Q90: Код
A91: =IF(TRIM(G91)<>"",COUNTA(G$16:$G91)&"","") -> 66 | B91: 4 | D91: Устройство подсистемы и утепления (Тип 4, торцы плит) | E91: м2 | G91: 86 | H91: =I91+J91 -> 0 | K91: =L91+M91 -> 0 | L91: =I91*G91 -> 0 | M91: =J91*G91 -> 0 | N91: Материал подрядчика | O91: Тип 4 | P91: 2905-РД-14,15-АР6.1 лист 11 | Q91: 04.09.02.01
A92: =IF(TRIM(G92)<>"",COUNTA(G$16:$G92)&"","") -> 67 | D92: Минераловатный утеплитель толщ. 50 мм | E92: м3 | F92: 1.03 | G92: =расчет!L58*F74 -> 2.66 | H92: =I92+J92 -> 0 | K92: =L92+M92 -> 0 | L92: =I92*G92 -> 0 | M92: =J92*G92 -> 0 | N92: Материал подрядчика
A93: =IF(TRIM(G93)<>"",COUNTA(G$16:$G93)&"","") -> 68 | B93: 4 | D93: Облицовка вентилируемого фасада композитными панелями (Тип 4, торцы плит) | E93: м2 | G93: =G91 -> 86 | H93: =I93+J93 -> 0 | K93: =L93+M93 -> 0 | L93: =I93*G93 -> 0 | M93: =J93*G93 -> 0 | N93: RAL7004 Материал подрядчика | O93: Тип 4 | P93: 2905-РД-14,15-АР6.1 лист 11 | Q93: 04.09.02.02
A94: =IF(TRIM(G94)<>"",COUNTA(G$16:$G94)&"","") -> 69 | B94: 5 | D94: Устройство подсистемы и утепления (Тип 5, декоративные элементы) | E94: м2 | G94: 325 | H94: =I94+J94 -> 0 | K94: =L94+M94 -> 0 | L94: =I94*G94 -> 0 | M94: =J94*G94 -> 0 | N94: Материал подрядчика | O94: Тип 5 | P94: 2905-РД-14,15-АР6.1 лист 11 | Q94: 04.09.02.01
A95: =IF(TRIM(G95)<>"",COUNTA(G$16:$G95)&"","") -> 70 | D95: Минераловатный утеплитель толщ. 50 мм | E95: м3 | F95: 1.03 | G95: =расчет!L59*F77 -> 1.6 | H95: =I95+J95 -> 0 | K95: =L95+M95 -> 0 | L95: =I95*G95 -> 0 | M95: =J95*G95 -> 0 | N95: Материал подрядчика
A96: =IF(TRIM(G96)<>"",COUNTA(G$16:$G96)&"","") -> 71 | D96: Минераловатный утеплитель толщ. 80 мм | E96: м3 | F96: 1.03 | G96: =расчет!L60*F78 -> 4.81 | H96: =I96+J96 -> 0 | K96: =L96+M96 -> 0 | L96: =I96*G96 -> 0 | M96: =J96*G96 -> 0 | N96: Материал подрядчика
A97: =IF(TRIM(G97)<>"",COUNTA(G$16:$G97)&"","") -> 72 | B97: 5 | D97: Облицовка вентилируемого фасада композитными панелями (Тип 5, декоративные элементы) | E97: м2 | G97: =G94 -> 325 | H97: =I97+J97 -> 0 | K97: =L97+M97 -> 0 | L97: =I97*G97 -> 0 | M97: =J97*G97 -> 0 | N97: RAL7004 Материал подрядчика | O97: Тип 5 | P97: 2905-РД-14,15-АР6.1 лист 11 | Q97: 04.09.02.02
A98: =IF(TRIM(G98)<>"",COUNTA(G$16:$G98)&"","") -> 73 | B98: 9 | D98: Устройство подсистемы и утепления (Тип 9, стены, парапет) | E98: м2 | G98: 49 | H98: =I98+J98 -> 0 | K98: =L98+M98 -> 0 | L98: =I98*G98 -> 0 | M98: =J98*G98 -> 0 | N98: Материал подрядчика | O98: Тип 9 | P98: 2905-РД-14,15-АР6.1 лист 11 | Q98: 04.09.02.01
A99: =IF(TRIM(G99)<>"",COUNTA(G$16:$G99)&"","") -> 74 | D99: Минераловатный утеплитель толщ. 80 мм | E99: м3 | F99: 1.03 | G99: =(расчет!L61+расчет!L62)*F81 -> 3.55 | H99: =I99+J99 -> 0 | K99: =L99+M99 -> 0 | L99: =I99*G99 -> 0 | M99: =J99*G99 -> 0 | N99: Материал подрядчика
A100: =IF(TRIM(G100)<>"",COUNTA(G$16:$G100)&"","") -> 75 | B100: 9 | D100: Облицовка вентилируемого фасада композитными панелями (Тип 9, стены, парапет) | E100: м2 | G100: =G98 -> 49 | H100: =I100+J100 -> 0 | K100: =L100+M100 -> 0 | L100: =I100*G100 -> 0 | M100: =J100*G100 -> 0 | N100: RAL7004 Материал подрядчика | O100: Тип 9 | P100: 2905-РД-14,15-АР6.1 лист 11 | Q100: 04.09.02.02
...

Sheet расчет
D1: Литер | E1: БС | F1: Тип по РД | G1: Описание | H1: Ширина, м | I1: Толщина, м | J1: Длина, м | K1: Площадь, м2 | L1: Объем, м3
D2: 14 | E2: 1 | F2: 4 | G2: Тип 4 дефшов. Утепление ширина 0,2 м толщина 0,05 м | H2: 0.2 | I2: 0.05 | J2: 434.04 | K2: =H2*J2 -> 86.81 | L2: =Таблица1[[#This Row],[Площадь, м2]]*Таблица1[[#This Row],[Толщина, м]] -> 4.34
D3: 14 | E3: 1 | F3: 5 | G3: Тип 5 Утепление ширина 0,2 м толщина 0,05 м | H3: 0.2 | I3: 0.05 | J3: 238.28 | K3: =H3*J3 -> 47.66 | L3: =Таблица1[[#This Row],[Площадь, м2]]*Таблица1[[#This Row],[Толщина, м]] -> 2.38
D4: 14 | E4: 1 | F4: 5 | G4: Тип 5 Утепление ширина 1,937 м толщина 0,08 м | H4: 1.937 | I4: 0.08 | J4: 47 | K4: =H4*J4 -> 91.04 | L4: =Таблица1[[#This Row],[Площадь, м2]]*Таблица1[[#This Row],[Толщина, м]] -> 7.28
D5: 14 | E5: 1 | F5: 9 | G5: Тип 9 Утепление ширина 1,086 м толщина 0,08 м | H5: 1.086 | I5: 0.08 | J5: 21.12 | K5: =H5*J5 -> 22.94 | L5: =Таблица1[[#This Row],[Площадь, м2]]*Таблица1[[#This Row],[Толщина, м]] -> 1.84
D6: 14 | E6: 1 | F6: 9 | G6: Тип 9 Утепление ширина 2,3 м толщина 0,08 м | H6: 2.3 | I6: 0.08 | J6: 19.67 | K6: =H6*J6 -> 45.24 | L6: =Таблица1[[#This Row],[Площадь, м2]]*Таблица1[[#This Row],[Толщина, м]] -> 3.62
D7: 14 | E7: 1 | F7: 13 | G7: Тип 13 Утепление ширина 2,058 м толщина 0,08 м | H7: 2.058 | I7: 0.08 | J7: 4.24 | K7: =H7*J7 -> 8.73 | L7: =Таблица1[[#This Row],[Площадь, м2]]*Таблица1[[#This Row],[Толщина, м]] -> 0.7
D8: 14 | E8: 1 | F8: 11 | G8: Тип 11 Утепление ширина 0,5 м толщина 0,08 м | H8: 0.45 | I8: 0.08 | J8: 3.3 | K8: =H8*J8 -> 1.49 | L8: =Таблица1[[#This Row],[Площадь, м2]]*Таблица1[[#This Row],[Толщина, м]] -> 0.12
D9: 14 | E9: 1 | F9: 11 | G9: Тип 11 Утепление ширина 1,05 м толщина 0,08 м | H9: 0.495 | I9: 0.08 | J9: 3.3 | K9: =H9*J9 -> 1.63 | L9: =Таблица1[[#This Row],[Площадь, м2]]*Таблица1[[#This Row],[Толщина, м]] -> 0.13
D10: 14 | E10: 1 | F10: 11 | G10: Тип 11 Утепление ширина 1 м толщина 0,08 м | H10: 1.2 | I10: 0.08 | J10: 3.3 | K10: =H10*J10 -> 3.96 | L10: =Таблица1[[#This Row],[Площадь, м2]]*Таблица1[[#This Row],[Толщина, м]] -> 0.32
D11: 14 | E11: 1 | F11: 11 | G11: Тип 11 Утепление ширина 1 м толщина 0,08 м | H11: 1.2 | I11: 0.08 | J11: 3.3 | K11: =H11*J11 -> 3.96 | L11: =Таблица1[[#This Row],[Площадь, м2]]*Таблица1[[#This Row],[Толщина, м]] -> 0.32
D12: 14 | E12: 1 | F12: 11 | G12: Тип 11 Утепление ширина 1 м толщина 0,08 м | H12: 1.2 | I12: 0.08 | J12: 3.3 | K12: =H12*J12 -> 3.96 | L12: =Таблица1[[#This Row],[Площадь, м2]]*Таблица1[[#This Row],[Толщина, м]] -> 0.32
D13: 14 | E13: 1 | F13: 11 | G13: Тип 11 Утепление ширина 1 м толщина 0,08 м | H13: 1.2 | I13: 0.08 | J13: 3.3 | K13: =H13*J13 -> 3.96 | L13: =Таблица1[[#This Row],[Площадь, м2]]*Таблица1[[#This Row],[Толщина, м]] -> 0.32
... D71: 14 | E71: 5 | F71: 11 | G71: Тип 11 Утепление ширина 0,875 м толщина 0,08 м | H71: 0.7 | I71: 0.08 | J71: 3.3 | K71: =H71*J71 -> 2.31 | L71: =Таблица1[[#This Row],[Площадь, м2]]*Таблица1[[#This Row],[Толщина, м]] -> 0.18
K72: =H72*J72 -> 0 | L72: =Таблица1[[#This Row],[Площадь, м2]]*Таблица1[[#This Row],[Толщина, м]] -> 0
K73: =H73*J73 -> 0 | L73: =Таблица1[[#This Row],[Площадь, м2]]*Таблица1[[#This Row],[Толщина, м]] -> 0
D74: 14 | K74: =H74*J74 -> 0 | L74: =Таблица1[[#This Row],[Площадь, м2]]*Таблица1[[#This Row],[Толщина, м]] -> 0
D75: 14 | K75: =H75*J75 -> 0 | L75: =Таблица1[[#This Row],[Площадь, м2]]*Таблица1[[#This Row],[Толщина, м]] -> 0
D76: 14 | K76: =H76*J76 -> 0 | L76: =Таблица1[[#This Row],[Площадь, м2]]*Таблица1[[#This Row],[Толщина, м]] -> 0
K77: =H77*J77 -> 0 | L77: =Таблица1[[#This Row],[Площадь, м2]]*Таблица1[[#This Row],[Толщина, м]] -> 0
D78: Итог | K78: =SUBTOTAL(109,Таблица1[Площадь, м2]) -> 1489.01 | L78: =SUBTOTAL(109,Таблица1[Объем, м3]) -> 101.96
